AoeStats
← limetree1978

MegaRandom

509464245Analyzed
3v3 RM · 5d ago on Sep 26, 2026· 49m 6s· 6 players
Game mode
Random Map
Map size
Normal (6 player)
Population
200
Speed
Normal
Resources
Standard
Victory
Conquest
Starting age
Dark Age
Ending age
Imperial Age
RankedLock teamsTeams togetherTeam positionsShared explorationLock speedFull tech treeHidden civsTurbo modeCheats
Victory
Defeat
🇨🇴 Bohemians · Colombia
784
+7
🇬🇧 Franks · United Kingdom
650
+12
🇹🇷 Gurjaras · Türkiye
500
+17
585
-13
🇺🇸 Spanish · United States
552
-12
🇺🇸 Magyars · United States
533
-11
juanmateus
0:32 Loom
10:00 Feudal Age
10:38 Double-Bit Axe
10:38 Horse Collar
11:47 Wheelbarrow
19:27 Castle Age
19:28 Town Watch
20:03 Bloodlines
20:20 Bow Saw
20:16 Heavy Plow
21:23 Hand Cart
21:24 Light Cavalry
23:54 Husbandry
24:28 Gold Mining
28:30 Gold Shaft Mining
36:50 Imperial Age
37:37 Masonry
37:22 Stone Mining
39:41 Town Patrol
40:08 Scale Barding Armor
愛 (Touhou Project's Version)
0:32 Loom
14:04 Feudal Age
17:56 Gold Mining
19:30 Wheelbarrow
19:23 Double-Bit Axe
19:28 Horse Collar
20:54 Stone Mining
25:51 Castle Age
28:01 Bow Saw
28:51 Stone Shaft Mining
28:47 Bloodlines
28:40 Squires
28:42 Heavy Plow
29:13 Caravan
31:24 Fervor
35:23 Imperial Age
34:19 Hand Cart
33:49 Town Watch
34:13 Scale Barding Armor
34:19 Forging
35:08 Ballistics
34:59 Gambesons
34:59 Arson
37:33 Iron Casting
37:19 Chain Barding Armor
37:01 Scale Mail Armor
38:49 Chemistry
39:46 Blast Furnace
39:41 Crop Rotation
40:23 Two-Man Saw
40:11 Town Patrol
39:36 Cavalier
40:18 Town Patrol
41:38 Plate Barding Armor
42:09 Crenellations
44:21 Chain Mail Armor
44:33 Paladin
limetree1978
11:58 Feudal Age
13:00 Horse Collar
14:49 Double-Bit Axe
22:18 Castle Age
21:22 Gold Mining
21:52 Stone Mining
22:49 Scale Mail Armor
23:32 Heavy Plow
25:22 Pikeman
27:33 Wheelbarrow
28:33 Fervor
28:42 Town Watch
32:44 Imperial Age
30:30 Bow Saw
30:27 Padded Archer Armor
30:48 Husbandry
30:45 Loom
31:47 Squires
32:54 Arson
32:30 Man-at-Arms
32:56 Gambesons
33:42 Light Cavalry
34:30 Scale Barding Armor
34:16 Fletching
34:45 Hand Cart
35:43 Hoardings
37:05 Forging
36:25 Long Swordsman
37:16 Arrowslits
39:33 Two-Handed Swordsman
39:36 Cavalier
40:46 Inquisition
41:52 Chain Barding Armor
42:37 Chemistry
42:39 Coinage
42:23 Champion
43:44 Plate Barding Armor
43:25 Leather Archer Armor
44:19 Halberdier
45:27 Conscription
47:48 Bloodlines
crazycris271
0:35 Loom
12:59 Feudal Age
15:01 Wheelbarrow
14:27 Double-Bit Axe
14:57 Stone Mining
14:58 Gold Mining
19:35 Castle Age
17:20 Man-at-Arms
20:38 Bow Saw
20:47 Hand Cart
20:18 Town Watch
21:13 Gold Shaft Mining
25:56 Caravan
29:14 Imperial Age
30:35 Cavalier
31:15 Husbandry
32:16 Paladin
34:52 Murder Holes
35:09 Masonry
37:18 Forging
37:14 Scale Barding Armor
37:00 Fletching
37:10 Padded Archer Armor
37:12 Scale Mail Armor
37:14 Ordonnance Companies
37:16 Elite Throwing Axeman
38:33 Hoardings
39:07 Iron Casting
38:29 Bodkin Arrow
39:55 Chain Barding Armor
39:51 Chain Mail Armor
39:51 Leather Archer Armor
40:03 Conscription
41:12 Blast Furnace
41:37 Plate Barding Armor
41:33 Plate Mail Armor
40:27 Pikeman
41:08 Squires
40:28 Long Swordsman
42:51 Halberdier
44:08 Chivalry
44:38 Elite Skirmisher
44:39 Crossbowman
47:13 Architecture
48:04 Siege Engineers
49:00 Chemistry
47:44 Heavy Mounted Crossbowman
49:04 Two-Handed Swordsman
Aeroingpierre
0:48 Loom
10:21 Feudal Age
17:50 Castle Age
17:05 Horse Collar
19:20 Heavy Plow
21:30 Double-Bit Axe
23:10 Bow Saw
23:17 Squires
28:41 Pikeman
32:32 Imperial Age
31:31 Wheelbarrow
32:10 Forging
32:00 Scale Mail Armor
34:50 Chemistry
34:10 Ballistics
34:03 Masonry
33:19 Halberdier
34:50 Hand Cart
35:58 Iron Casting
36:02 Conscription
37:44 Chain Mail Armor
37:55 Wagenburg Tactics
38:09 Houfnice
40:31 Two-Man Saw
Sugarspoon
9:07 Feudal Age
12:22 Double-Bit Axe
21:15 Castle Age
19:56 Gold Mining
19:56 Stone Mining
28:19 Bow Saw
35:59 Imperial Age
40:29 Wheelbarrow
42:49 Scale Mail Armor
45:03 Elite Chakram Thrower
46:32 Ballistics
Connection lost

Rejoining the realm…

Still unreachable

The connection could not be restored.

Session expired

The server has moved on; the page needs a fresh start.